 Dungeon Crawl Stone Soup version 0.32-a0-871-ge202e49faa (webtiles) character file.

Game seed: 1969858840768857445

39354 jasper the Protected (level 13, -8/96 HPs)
             Began as a Mummy Ice Elementalist on Mar 29, 2024.
             Was a High Priest of Kikubaaqudgha.
             Mangled by a dire elephant (30 damage)
             ... on level 5 of the Lair of Beasts.
             The game lasted 00:50:34 (25483 turns).

jasper the Protected (Mummy Ice Elementalist)      Turns: 25483, Time: 00:50:34

Health: -8/96      AC: 16    Str: 11    XL:     13   Next: 68%
Magic:  2/26       EV: 12    Int: 18    God:    Kikubaaqudgha [*****.]
Gold:   1109       SH:  0    Dex: 14    Spells: 3/30 levels left

rFire   . . .        u - staff of conjuration
rCold   + . .        (no shield)
rNeg    + + +        P - +0 acid dragon scales
rPois   ∞            o - +1 helmet
rElec   .            E - +0 cloak
rCorr   +            j - +0 pair of gloves
SInv    .            Q - +0 pair of boots
Will    ++...        (no amulet)
Stlth   +            p - ring of protection from fire
HPRegen 0.36/turn    v - ring of willpower
MPRegen 0.20/turn

%: faith
@: studying Armour
A: cold resistance 1, negative energy resistance 3, torment resistance 2, heat
vulnerability 1, in touch with death 2, no potions, faith
a: Renounce Religion, Unearth Wretches, Torment


You were on level 5 of the Lair of Beasts.
You worshipped Kikubaaqudgha.
Kikubaaqudgha was extremely pleased with you.
You visited 3 branches of the dungeon, and saw 17 of its levels.

You collected 1241 gold pieces.
You spent 132 gold pieces at shops.

Inventory:

Hand Weapons
 b - a +0 dagger
 d - a +0 short sword
 e - a +0 spear
 k - a +0 falchion of electrocution
 T - the +8 demon blade "Leech" {evervamp, Harm ^Drain rN+}
   (You found it on level 3 of the Lair of Beasts)

   rN+:       It protects you from negative energy.
   ^Drain:    It drains your maximum health when unequipped.
   Harm:      It increases damage dealt and taken.
Missiles
 c - 88 stones
 f - 9 boomerangs
 n - 2 javelins
 B - 37 poisoned darts
 M - a curare-tipped dart
Armour
 a - a +0 robe
 i - a +0 kite shield
 j - a +0 pair of gloves (worn)
 o - a +1 helmet (worn)
 z - the +0 leather armour of Evolution {rC+ Str+2 Dex+2 Stlth+}
   (You found it on level 4 of the Dungeon)

   Str+2:     It affects your strength (+2).
   Dex+2:     It affects your dexterity (+2).
   rC+:       It protects you from cold.
   Stlth+:    It makes you more stealthy.
 A - a +2 robe of cold resistance
 C - +0 steam dragon scales
 E - a +0 cloak (worn)
 J - a +1 hat of willpower
 P - +0 acid dragon scales (worn)
 Q - a +0 pair of boots (worn)
Magical Staves
 u - a staff of conjuration (weapon)
Jewellery
 p - a ring of protection from fire (left hand)
 r - a ring of wizardry
 v - a ring of willpower (right hand)
 H - a ring of ice
 L - a ring of fire
 O - a ring of ice
 R - a ring of flight
Wands
 s - a wand of charming (7)
 t - a wand of iceblast (10)
 y - a wand of flame (48)
 F - a wand of mindburst (8)
 N - a wand of polymorph (9)
Scrolls
 g - 2 scrolls of noise
 h - 5 scrolls of amnesia
 l - 2 scrolls of silence
 m - 5 scrolls of vulnerability
 q - 4 scrolls of blinking
 w - 3 scrolls of fog
 x - 6 scrolls of teleportation
 D - 2 scrolls of poison
 G - a scroll of revelation
 I - a scroll of fear
 K - 5 scrolls of identify
 S - a scroll of enchant weapon
 U - a scroll of summoning
 W - a scroll of torment
 X - a scroll of immolation


   Skills:
 - Level 7.0 Fighting
 + Level 2.7 Staves
 - Level 11.0 Armour
 - Level 6.1 Dodging
 - Level 1.5 Stealth
 - Level 9.0 Spellcasting
 - Level 7.2 Conjurations
 - Level 2.0 Summonings
 - Level 10.0 Necromancy
 - Level 5.0 Ice Magic
 - Level 10.0 Earth Magic


You had 3 spell levels left.
You knew the following spells:

 Your Spells              Type           Power      Damage    Failure   Level
a - Freeze                Ice            100%       1d10      1%          1
b - Frozen Ramparts       Ice            52%        1d8       4%          3
c - Ozocubu's Armour      Ice            26%        N/A       4%          3
d - Summon Ice Beast      Ice/Summ       20%        N/A       9%          3
e - Stone Arrow           Conj/Erth      100%       3d13      1%          3
f - Vampiric Draining     Necr           78%        2d11      1%          3
g - Bombard               Conj/Erth      27%        9d5       50%         6
h - Borgnjor's Vile Clut  Necr/Erth      39%        N/A       5%          5

Your spell library contained the following spells:

 Spells                   Type           Power      Damage    Failure   Level
 Kiss of Death            Conj/Necr      100%       2d13      1%          1
 Sandblast                Erth           88%        2d18      1%          1
 Fugue of the Fallen      Necr           78%        N/A       1%          3
 Passwall                 Erth           44%        N/A       1%          3
 Sting                    Conj/Alch      100%       1d9       2%          1
 Cigotuvi's Dreadful Rot  Necr/Alch/Air  90%        N/A       4%          2
 Mercury Vapours          Alch/Air       16%        N/A       19%         2
 Confusing Touch          Hex            8%         N/A       36%         3
 Volatile Blastmotes      Fire/Tloc      16%        2d11      36%         3
 Dispel Undead            Necr           78%        3d26      1%          4
 Brom's Barrelling Bould  Conj/Erth      55%        2d7       3%          4
 Curse of Agony           Necr           78%        N/A       5%          5
 Lee's Rapid Deconstruct  Erth           22%        3d12*     5%          5
 Animate Armour           Summ/Erth      58%        N/A       11%         4
 Martyr's Knell           Necr/Summ      61%        N/A       11%         4
 Leda's Liquefaction      Alch/Erth      13%        N/A       16%         4
 Fulminant Prism          Conj/Alch      15%        3d11      28%         4
 Iskenderun's Mystic Bla Conj/Tloc 31%            2d8        (+2d4     28%         4
 Death Channel            Necr           39%        N/A       30%         6
 Permafrost Eruption      Ice/Erth       17%        2x4d6     65%         6
 Ignite Poison            Fire/Alch      8%         N/A       77%         4
 Vhi's Electric Charge    Tloc/Air       16%        N/A       77%         4
 Monstrous Menagerie      Summ           7%         N/A       100%        7
 Spellforged Servitor     Conj/Summ      18%        N/A       100%        7
 Lehudib's Crystal Spear  Conj/Erth      27%        10d7      100%        8


Dungeon Overview and Level Annotations

Branches:
Dungeon (11/15)            Temple (1/1) D:7            Lair (5/5) D:10
  Snake (0/4) Lair:3        Slime (0/5) Lair:5          Orc (0/2) D:9
  Swamp: Lair:2-3    Shoals: Lair:2-3

Altars:
Ashenzari
Cheibriados
Dithmenos
Fedhas
Gozag
Hepliaklqana
Kikubaaqudgha
Makhleb
Nemelex Xobeh
Okawaru
Qazlal
Ru
Sif Muna
Trog
Uskayaw
Vehumet
Wu Jian
Xom
Yredelemnul
Jiyva

Shops:
D:9 *   D:10 ?

Annotations:
D:4 3 runed translucent doors, EvilEddieB's ghost, amateur DsNe; Rudyous's ghost, amateur DsCj


Innate Abilities, Weirdness & Mutations

You are immune to poison.
Your flesh is cold resistant. (rC+)
You are immune to negative energy. (rN+++)
You are immune to unholy pain and torment.
You are vulnerable to heat. (rF-)
You are strongly in touch with the powers of death.
You do not drink.
You have a special connection with the divine. (Faith)


Message History

Press: ? - help, Shift-Dir - straight line The mass of ice explodes!
The iceblast engulfs the dire elephant.
The dire elephant is almost dead.
The dire elephant tramples you!
You hold your ground!
The dire elephant trunk-slaps you but does no damage.
You take 14 damage, and have 36/96 hp.
Aiming: Iceblast
Press: ? - help, Shift-Dir - straight line The mass of ice explodes!
The iceblast engulfs the dire elephant but does no damage.
The dire elephant is almost dead.
The dire elephant tramples you but does no damage.
The dire elephant trunk-slaps you but does no damage.
Aiming: Iceblast
Press: ? - help, Shift-Dir - straight line The mass of ice explodes!
The iceblast engulfs the dire elephant.
The dire elephant is almost dead.
The dire elephant tramples you!
* * * LOW HITPOINT WARNING * * *
You hold your ground!
The dire elephant trunk-slaps you but does no damage.
You take 16 damage, and have 21/96 hp.
Aiming: Iceblast
Press: ? - help, Shift-Dir - straight line The mass of ice explodes!
The iceblast engulfs the dire elephant!
The dire elephant is almost dead.
The dire elephant tramples you but does no damage.
The dire elephant trunk-slaps you but does no damage.
Aiming: Mindburst
Press: ? - help, Shift-Dir - straight line, f - dire elephant
Aim: a dire elephant (almost dead, chance to affect: 6%)
Okay, then.
Aiming: Iceblast
Press: ? - help, Shift-Dir - straight line The mass of ice explodes!
The iceblast engulfs the dire elephant but does no damage.
The dire elephant is almost dead.
The dire elephant tramples you!!
You die...
Kikubaaqudgha rasps: You have failed me!
Welcome... oblivion!

..##
#.P...#.ß.##.#...#.YP#
.##
#.....#.....#....#...#
..#
##..÷.##.ß.......#..P#
.P#
##....#..÷.....##..##
.##
##...###..T.Y.#..## ##
#.....###...÷#.##
##P.....##.÷...##
##......##....P#
###@Y.........#
########P..## ###.#
###


You could see a dire elephant.

Vanquished Creatures
  Fannar (D:10)
  5 hydras
  A catoblepas (Lair:5)
  3 two-headed ogres
  Erica (Lair:1)
  A deep troll shaman (Lair:5)
  3 death yaks (Lair:5)
  2 skysharks (Lair:4)
  A fire crab (Lair:4)
  A salamander (Lair:3)
  7 elephants
  3 black mambas
  Maggie (Lair:1)
  5 cane toads
  8 komodo dragons
  An unseen horror (D:10)
  2 rime drakes
  2 polar bears
  4 blink frogs (Lair:5)
  12 dream sheep
  7 wyverns
  A wraith (D:10)
  37 yaks
  3 basilisks
  4 vampire mosquitoes (D:11)
  Grum (D:9)
  3 nagas (Lair:3)
  An acid dragon (D:9)
  13 water moccasins
  4 orc warriors
  An ice beast (D:7)
  3 black bears (Lair:5)
  13 wolves
  2 centaurs
  4 kobold brigands
  9 bullfrogs
  A gnoll sergeant (D:10)
  A scorpion (D:5)
  5 wights (D:8)
  19 killer bees
  A howler monkey (D:6)
  4 hounds
  5 jellies
  Crazy Yiuf (D:3)
  2 sleepcaps
  2 gnoll boudas
  9 orc priests
  Natasha (thrice) (D:3)
  Terence (D:2)
  10 hell rats
  2 iguanas
  16 orc wizards
  Robin (D:3)
  6 river rats (Lair:4)
  5 adders
  16 gnolls
  A shadow imp (D:8)
  3 white imps
  3 ufetubi
  3 dart slugs
  2 ribbon worms
  19 orcs
  5 ball pythons
  3 bats
  8 endoplasms
  4 giant cockroaches
  6 hobgoblins
  4 jackals (D:2)
  5 quokkas
  2 frilled lizards
  11 goblins
  17 kobolds
  11 rats
387 creatures vanquished.

Vanquished Creatures (collateral kills)
  Gastronok (Lair:1)
  A two-headed ogre (D:10)
  A rime drake (Lair:4)
  A steam dragon (D:8)
  2 bullfrogs (Lair:1)
6 creatures vanquished.

Vanquished Creatures (others)
  A kobold (D:10)
1 creature vanquished.

Grand Total: 394 creatures vanquished

Notes
Turn   | Place    | Note
-------+----------+-------------------------------------------
     0 | D:1      | jasper the Mummy Ice Elementalist began the quest for the
                  | Orb.
     0 | D:1      | Reached XP level 1. HP: 13/13 MP: 4/4
   247 | D:1      | Reached XP level 2. HP: 4/19 MP: 0/6
  1077 | D:2      | Reached XP level 3. HP: 10/24 MP: 1/9
  1086 | D:2      | Learned a level 3 spell: Frozen Ramparts
  1090 | D:2      | Learned a level 3 spell: Ozocubu's Armour
  1094 | D:2      | Learned a level 3 spell: Summon Ice Beast
  1418 | D:2      | Noticed Terence
  1430 | D:2      | Killed Terence
  1431 | D:2      | Reached skill level 5 in Spellcasting
  1431 | D:2      | Reached XP level 4. HP: 16/30 MP: 0/11
  2047 | D:3      | Found a runed translucent door.
  2048 | D:3      | Noticed Crazy Yiuf
  2148 | D:3      | Noticed Robin
  2159 | D:3      | Killed Robin
  2178 | D:3      | Learned a level 3 spell: Stone Arrow
  2224 | D:3      | Noticed Natasha
  2237 | D:3      | Reached XP level 5. HP: 23/35 MP: 8/12
  2242 | D:3      | Killed Natasha
  2436 | D:3      | Noticed Natasha
  2447 | D:3      | Killed Natasha
  2486 | D:3      | Found a faded altar of an unknown god.
  2690 | D:3      | You fall into a shaft and drop 3 floors!
  2704 | D:6      | Reached skill level 5 in Ice Magic
  2741 | D:6      | Reached XP level 6. HP: 31/42 MP: 9/13
  2788 | D:6      | Reached skill level 1 in Fighting
  2788 | D:6      | Reached skill level 1 in Summonings
  3035 | D:6      | Reached XP level 7. HP: 39/51 MP: 6/14
  3524 | D:5      | Entered Level 5 of the Dungeon
  3573 | D:5      | Reached skill level 1 in Conjurations
  3573 | D:5      | Reached skill level 1 in Earth Magic
  4440 | D:4      | Found a runed translucent gate.
  4440 | D:4      | Found a runed translucent gate.
  4440 | D:4      | Found a runed translucent gate.
  4451 | D:4      | Identified the +0 leather armour of Evolution {rC+ Str+2
                  | Dex+2 Stlth+}
  5050 | D:4      | Found an ornate altar of the Wu Jian Council.
  5225 | D:4      | Noticed Rudyous's ghost (amateur DsCj)
  5225 | D:4      | Noticed EvilEddieB's ghost (amateur DsNe)
  5304 | D:3      | Noticed Natasha
  5312 | D:3      | Killed Natasha
  5313 | D:3      | Reached XP level 8. HP: 52/58 MP: 15/15
  5655 | D:3      | Killed Crazy Yiuf
  6744 | D:7      | Found a staircase to the Ecumenical Temple.
  6764 | Temple   | Entered the Ecumenical Temple
  6778 | Temple   | Became a worshipper of Kikubaaqudgha
  7595 | D:8      | Reached XP level 9. HP: 24/66 MP: 7/16
  7960 | D:8      | Reached * piety under Kikubaaqudgha
  7960 | D:8      | Received a gift from Kikubaaqudgha
  7965 | D:8      | Learned a level 3 spell: Vampiric Draining
  8422 | D:8      | Reached skill level 5 in Fighting
  8586 | D:8      | Reached skill level 5 in Conjurations
  8586 | D:8      | Reached skill level 5 in Earth Magic
  8711 | D:8      | Found a snail-covered altar of Cheibriados.
  8805 | D:8      | Reached XP level 10. HP: 19/74 MP: 1/17
  9766 | D:9      | Reached ** piety under Kikubaaqudgha
  9906 | D:9      | Found a staircase to the Orcish Mines.
 10133 | D:9      | Noticed a two-headed ogre
 10139 | D:9      | Killed a two-headed ogre
 10407 | D:9      | Found Uwuod's Gadget Gallery.
 10480 | D:9      | Reached skill level 1 in Necromancy
 10815 | D:9      | Found a sparkling altar of Nemelex Xobeh.
 10915 | D:9      | Noticed Grum
 10921 | D:9      | Reached skill level 5 in Dodging
 10940 | D:9      | Killed Grum
 11485 | D:10     | Entered Level 10 of the Dungeon
 11568 | D:10     | Found a staircase to the Lair.
 11694 | D:10     | Noticed a two-headed ogre
 11699 | D:10     | Killed a two-headed ogre
 11845 | D:10     | Noticed Fannar
 12041 | D:10     | Killed Fannar
 12042 | D:10     | Reached skill level 5 in Necromancy
 12042 | D:10     | Reached XP level 11. HP: 69/81 MP: 5/18
 12203 | D:10     | Found Biecalu's Magic Scroll Boutique.
 12335 | D:10     | Bought a scroll of fear for 48 gold pieces
 12335 | D:10     | Bought a scroll of teleportation for 36 gold pieces
 12335 | D:10     | Bought 2 scrolls of identify for 48 gold pieces
 12458 | D:10     | Found a hide-covered altar of Uskayaw.
 12466 | D:10     | Found a sacrificial altar of Ru.
 12857 | D:11     | Noticed a two-headed ogre
 12872 | D:11     | Killed a two-headed ogre
 12978 | D:11     | Noticed a two-headed ogre
 12988 | D:11     | Killed a two-headed ogre
 13194 | D:11     | Learned a level 6 spell: Bombard
 13391 | D:11     | Reached *** piety under Kikubaaqudgha
 13391 | D:11     | Received a gift from Kikubaaqudgha
 13483 | D:11     | Got the Thoughts on Clay and Apparitions
 13656 | Lair:1   | Entered Level 1 of the Lair of Beasts
 13658 | Lair:1   | Noticed Gastronok
 13771 | Lair:1   | Killed Gastronok
 13901 | Lair:1   | Learned a level 5 spell: Borgnjor's Vile Clutch
 14725 | Lair:1   | Noticed Maggie
 14731 | Lair:1   | Killed Maggie
 14874 | Lair:1   | Noticed Erica
 14879 | Lair:1   | Killed Erica
 15439 | Lair:2   | Reached XP level 12. HP: 65/91 MP: 6/25
 16142 | Lair:2   | Reached **** piety under Kikubaaqudgha
 16299 | Lair:2   | Got the Compilation of the Queen Bee
 16528 | Lair:2   | Noticed an eight-headed hydra
 16542 | Lair:2   | Killed an eight-headed hydra
 16690 | Lair:2   | Noticed a death yak
 16691 | Lair:2   | Noticed a death yak
 17251 | Lair:3   | Found a staircase to the Snake Pit.
 17668 | Lair:3   | Noticed an eight-headed hydra
 17673 | Lair:3   | Killed an eight-headed hydra
 17889 | Lair:3   | Noticed a five-headed hydra
 17909 | Lair:3   | Killed a five-headed hydra
 17910 | Lair:3   | Reached skill level 10 in Necromancy
 18639 | Lair:3   | Found the +8 demon blade "Leech" {evervamp, Harm ^Drain
                  | rN+}
 19384 | Lair:4   | Reached skill level 10 in Earth Magic
 19456 | Lair:4   | Reached skill level 1 in Armour
 19501 | Lair:4   | Reached ***** piety under Kikubaaqudgha
 19536 | Lair:4   | Reached skill level 2 in Armour
 19966 | Lair:4   | Noticed a five-headed hydra
 19995 | Lair:4   | Reached skill level 3 in Armour
 19995 | Lair:4   | Gained mutation: You are strongly in touch with the powers
                  | of death. [Mummy growth]
 19995 | Lair:4   | Reached XP level 13. HP: 39/96 MP: 0/26
 20153 | Lair:4   | Reached skill level 4 in Armour
 20704 | Lair:4   | Reached skill level 5 in Armour
 21205 | Lair:4   | Reached skill level 6 in Armour
 21756 | Lair:4   | Reached skill level 7 in Armour
 22130 | Lair:5   | Entered Level 5 of the Lair of Beasts
 22463 | Lair:4   | Reached skill level 8 in Armour
 23200 | Lair:5   | Reached skill level 9 in Armour
 23954 | Lair:5   | Reached skill level 10 in Armour
 24775 | Lair:5   | Found a viscous altar of Jiyva.
 24787 | Lair:5   | Reached skill level 11 in Armour
 24861 | Lair:5   | Found a staircase to the Slime Pits.
 24982 | Lair:5   | Reached skill level 1 in Staves
 25456 | Lair:5   | Noticed a dire elephant
 25483 | Lair:5   | Mangled by a dire elephant

Illustrated notes

Levels and vault maps discovered:
D:1:      pf_arrival_petrified_forest, layout_loops_cross
D:2:      layout_basic, serial_glass, glass_columns_b, glass_columns_b,
          glass_columns_a, glass_columns_b, glass_columns_a, glass_columns_b,
          glass_columns_a, glass_columns_a, glass_columns_b, glass_columns_a,
          glass_columns_c, glass_columns_c, glass_columns_a, glass_columns_a,
          uniq_terence
D:3:      layout_loops_ring, ebering_ecumenical_altar_petrified, serial_glass,
          glass_columns_c, glass_columns_b, uniq_crazy_yiuf_cottage,
          uniq_natasha, uniq_robin
D:4:      layout_gridville, kennysheep_little_box, gammafunk_ghost_cemetery
D:5:      layout_basic, minmay_misc_feat_more_columns
D:6:      layout_rooms, kennysheep_generic_room_13
D:7:      layout_basic, minmay_temple_entry_wispy
D:8:      layout_loops_ring, lemuel_crystal_altar, minmay_circle_x
D:9:      layout_grid_maze, mainiacjoe_overflow_catwalk, david_orc_3,
          minivault_27, minmay_misc_feat_room, nicolae_shop_gadgets, uniq_grum
D:10:     layout_cave_pools, grunt_temple_overflow_diamond, lair_entry_dummy,
          serial_shops, shop, uniq_fannar
D:11:     layout_small_grid
Temple:   nicolae_temple_slightly_damp_pantheon
Lair:1:   layout_loops_ring, grunt_megastairs_4, uniq_erica, uniq_gastronok,
          uniq_maggie
Lair:2:   layout_cave_pods, mainiacjoe_shoals_entry_four_pools,
          portal_ice_cave_entry_pillars_1
Lair:3:   layout_regular_city, alex1729_snake_entry_snake,
          dreamdust_deal_with_the_devil, hibernation_bobbens,
          lemuel_fruit_fields
Lair:4:   layout_roguey, kennysheep_abandoned_house
Lair:5:   grunt_lair_end_beastmaster, layout_cave_shapes, slime_entry_2,
          columned_hall_lemuel, serial_bayou_shore_b,
          infiniplex_staircase_pool_2

Skill      XL: |  1  2  3  4  5  6  7  8  9 10 11 12 13 |
---------------+----------------------------------------+-----
Spellcasting   | 3 4 5 9 |  9.0
Ice Magic      | 4 5 |  5.0
Fighting       | 2 3 4 5 6 7 |  7.0
Dodging        | 2 3 4 5 6 |  6.1
Summonings     | 2 |  2.0
Conjurations   | 2 4 6 7 |  7.2
Earth Magic    | 2 4 6 7 8 10 | 10.0
Necromancy     | 5 6 10 | 10.0
Armour         | 3 11 | 11.0
Staves         | 2 |  2.7
Stealth        | |  1.5

Action                     |  1- 3 |  4- 6 |  7- 9 | 10-12 | 13-15 || total
---------------------------+-------+-------+-------+-------+-------++-------
  Melee: Dagger            |     5 |       |       |       |       ||     5
         Unarmed           |     1 |       |       |       |       ||     1
         Spear             |     9 |       |       |       |       ||     9
         Falchion          |       |    65 |   261 |    72 |       ||   398
         Staff             |       |       |       |   346 |   116 ||   462
  Throw: Dart              |       |       |     2 |     1 |       ||     3
   Cast: Freeze            |    48 |    19 |    17 |     3 |       ||    87
         Frozen Ramparts   |     2 |    11 |    39 |    37 |       ||    89
         Ozocubu's Armour  |       |     6 |    23 |    30 |     2 ||    61
         Stone Arrow       |       |       |    13 |   165 |   112 ||   290
         Summon Ice Beast  |       |       |     2 |     5 |       ||     7
         Vampiric Draining |       |       |     3 |     4 |     6 ||    13
         Borgnjor's Vile C |       |       |       |    65 |    49 ||   114
         Bombard           |       |       |       |     1 |       ||     1
  Evoke: Wand              |       |       |    11 |    18 |    12 ||    41
    Use: Scroll            |       |       |    11 |     5 |     2 ||    18
   Stab: Sleeping          |       |       |     3 |       |       ||     3
 Armour: Robe              |    35 |    71 |   199 |       |       ||   305
         Steam dragon scal |       |       |    84 |   387 |       ||   471
         Acid dragon scale |       |       |       |    79 |   234 ||   313
  Dodge: Dodged            |    28 |    56 |   238 |   365 |   142 ||   829

Table legend: (Time is in decaauts)
 A = Elapsed time spent in this place.
 B = Non-inter-level travel time spent in this place.
 C = Inter-level travel time spent in this place.
 D = Time resting spent in this place.
 E = Time spent auto-exploring this place.
 F = Levels seen in this place.
 G = Mean time per level.
                   A        B        C        D        E       F      G
               +--------+--------+--------+--------+--------+-----+--------+
         Total |  25714 |  24644 |   1070 |   5926 |  14927 |  17 | 1512.6 |
       Dungeon |  13875 |  13177 |    698 |   2183 |   8897 |  11 | 1261.4 |
        Temple |     93 |     67 |     26 |     65 |      0 |   1 |   93.0 |
          Lair |  11745 |  11400 |    345 |   3678 |   6030 |   5 | 2349.0 |
               +--------+--------+--------+--------+--------+-----+--------+

Top non-repeatable levels by time:
  Lair:4: 3317 daAuts
  Lair:3: 2911 daAuts
  Lair:5: 2608 daAuts
     D:9: 1967 daAuts
     D:8: 1876 daAuts
     D:7: 1751 daAuts
  Lair:1: 1500 daAuts
  Lair:2: 1407 daAuts
    D:11: 1220 daAuts
     D:2: 1141 daAuts
    D:10: 1139 daAuts
     D:3: 1043 daAuts
     D:1: 1028 daAuts
     D:5: 939 daAuts
     D:6: 904 daAuts
